 Dungeon Crawl Stone Soup version 0.19.4-9-g45fd643 (webtiles) character file.

10948 Gargoyl the Cleaver (level 11, 0/92 HPs)
             Began as a Ghoul Abyssal Knight on Feb 20, 2017.
             Was a High Priest of Lugonu.
             Slain by a blink frog (8 damage)
             ... on level 2 of the Lair of Beasts.
             The game lasted 00:27:16 (9673 turns).

Gargoyl the Cleaver (Ghoul Abyssal Knight)          Turns: 9673, Time: 00:27:17

Health: 0/92       AC: 20    Str: 20    XL:     11   Next: 70%
Magic:  16/16      EV:  5    Int:  7    God:    Lugonu [*****.]
Gold:   393        SH: 10    Dex: 11    Spells: 0 memorised, 10 levels left

rFire  + . .     SeeInvis .     k - +7 broad axe (elec)
rCold  + + .     Gourm    .     d - +2 plate armour {rC+}
rNeg   + + +     Faith    .     b - +0 shield
rPois  ∞         Spirit   .     C - +0 helmet
rElec  .         Reflect  .     (no cloak)
rCorr  .         Harm     .     g - +2 pair of gloves {Str+3}
MR     +....                    (no boots)
Stlth  ..........               (no amulet)
                                t - ring of protection from fire
                                B - ring of protection from magic

@: rotting
A: rotting body, claws 1, carnivore 3, cold resistance 1, negative energy
resistance 3, slow regeneration 1, torment resistance, unbreathing
a: Depart the Abyss, Bend Space, Banish, Corrupt, Enter the Abyss, Renounce
Religion


You were on level 2 of the Lair of Beasts.
You worshipped Lugonu.
Lugonu was extremely pleased with you.
You were not hungry.

You visited 2 branches of the dungeon, and saw 11 of its levels.
You visited the Abyss 1 time.
You also visited: Sewer and Ossuary.

You collected 583 gold pieces.
You spent 190 gold pieces at shops.

Inventory:

Hand Weapons
 a - a +2 hand axe
 e - a +0 vampiric war axe
 k - a +7 broad axe of electrocution (weapon)
Missiles
 u - 17 tomahawks (quivered)
Armour
 b - a +0 shield (worn)
 d - a +2 plate armour of cold resistance (worn)
 g - a +2 pair of gloves of strength (worn)
 C - a +0 helmet (worn)
Jewellery
 t - a ring of protection from fire (right hand)
 B - a ring of protection from magic (left hand)
 G - an uncursed ring of wizardry {unknown}
Wands
 x - a wand of confusion (40/48)
 D - a wand of iceblast (5/15)
Scrolls
 f - 3 scrolls of recharging
 h - 8 scrolls of identify
 i - 6 scrolls of remove curse
 l - 2 scrolls of amnesia
 n - 2 scrolls of blinking
 v - 3 scrolls of teleportation
 A - a scroll of holy word
 F - a scroll of vulnerability {unknown}
Potions
 m - 7 potions of heal wounds
 o - 5 potions of agility
 q - a potion of brilliance
 r - 2 potions of might
 s - 2 potions of curing
 z - a potion of flight
Books
 p - a book of Air

   Spells                             Type                      Level
   a - Shock                          Conjuration/Air              1
   b - Swiftness                      Charms/Air                   2
   c - Repel Missiles                 Charms/Air                   2
   d - Static Discharge               Conjuration/Air              3
   e - Lightning Bolt                 Conjuration/Air              5
 y - a book of Frost

   Spells                             Type                      Level
   a - Freeze                         Ice                          1
   b - Throw Frost                    Conjuration/Ice              2
   c - Ozocubu's Armour               Charms/Ice                   3
   d - Throw Icicle                   Conjuration/Ice              4
   e - Summon Ice Beast               Ice/Summoning                4
Comestibles
 c - 4 meat rations
 j - 2 beef jerkies
 w - 2 royal jellies


   Skills:
 + Level 7.1 Fighting
 + Level 9.7 Axes
 * Level 9.1 Armour
 + Level 1.7 Dodging
 + Level 5.1 Shields
 * Level 8.9 Invocations


You had 10 spell levels left.
You didn't know any spells.

Dungeon Overview and Level Annotations

Branches:
Dungeon (9/15)             Temple (0/1) D:6            Lair (2/6) D:8
  Swamp (0/4) Lair:2
  Snake: Lair:2-4    Spider: Lair:2-4       Orc: D:9-12

Altars:
Ashenzari
Cheibriados
Fedhas
Gozag
Kikubaaqudgha
Nemelex Xobeh
Okawaru
Ru
Xom

Shops:
D:5 [}%(

Annotations:
D:4 tschems's ghost, novice HuFi
Abyss:1 Pikel


Innate Abilities, Weirdness & Mutations

Your body is rotting away.
You thrive on raw meat.
You are immune to poison.
You have sharp fingernails.
You are carnivorous and can eat meat at any time.
Your flesh is cold resistant. (rC+)
You are immune to negative energy. (rN+++)
You regenerate slowly when monsters are visible.
You are immune to unholy pain and torment.
You can survive without breathing.


Message History

The blink frog is moderately wounded.
You barely miss the killer bee.
Your shield and plate armour prevent you from hitting the water moccasin.
You block the killer bee's attack.
The killer bee stings you but does no damage.
The water moccasin closely misses you. You block the blink frog's attack.
The killer bee stings you but does no damage.
The water moccasin bites you!
* * * LOW HITPOINT WARNING * * *
The blink frog hits you.
* * * LOW HITPOINT WARNING * * *
You closely miss the blink frog.
The blink frog is moderately wounded.
Your plate armour prevents you from hitting the killer bee.
You completely miss the water moccasin.
The killer bee buzzes angrily.
The killer bee closely misses you.
The water moccasin bites you but does no damage.
You block the killer bee's attack. The blink frog hits you!
You die...

................#
PP........F.....#
.P.P.......yy...####
...........SF#..$..##
...........#.#.....P#
....PP#.#....#.y...#
.#..########......#
#.### ####S#y## ###
##@F$## #†....#
##†...# ##..## . ....
.P ...... # ......#
....### ....#


You could see a blink frog, a water moccasin and 2 killer bees.

Vanquished Creatures
  The ghost of tschems the Cleaver, a novice HuFi of Okawaru (D:8)
  An ugly thing (D:8)
  An elephant (D:8)
  A spiny frog (Lair:1)
  3 komodo dragons
  A queen bee (Lair:2)
  4 polar bears (Lair:1)
  2 blink frogs (Lair:2)
  2 hippogriffs
  A spriggan (D:7)
  4 yaks
  2 porcupines (Lair:1)
  3 water moccasins
  Duvessa (D:5)
  2 ice beasts
  6 black bears (Lair:1)
  2 ogres
  3 wolves (Lair:2)
  An eye of draining (D:5)
  2 centaurs
  4 crocodiles
  2 big kobolds (Sewer)
  Blork the orc (D:6)
  Dowan (D:5)
  3 bullfrogs
  2 scorpions (D:8)
  2 water moccasin skeletons (D:6)
  22 killer bees
  A howler monkey (D:6)
  A bullfrog zombie (D:7)
  4 crimson imps
  2 hounds
  A quasit (D:5)
  A jelly (D:5)
  An orc priest (D:5)
  Jessica (D:2)
  6 iguanas
  4 orc wizards
  4 worker ants
  4 big kobold zombies (Ossuary)
  A hound zombie (D:5)
  2 hound skeletons (D:7)
  A mummy (Ossuary)
  A worker ant zombie (D:5)
  7 river rats
  7 adders
  2 shadow imps
  2 oozes
  An adder zombie (D:6)
  An adder skeleton (D:8)
  3 worms
  13 dart slugs
  4 leopard geckos
  9 orcs
  A spectral bat (Ossuary)
  2 bat simulacra (Ossuary)
  3 giant cockroaches
  6 goblins
  6 hobgoblins
  2 jackals (D:2)
  6 quokkas
  14 ball pythons
  9 bats
  13 frilled lizards
  8 gnoll zombies (Ossuary)
  4 goblin simulacra (Ossuary)
  2 goblin zombies (Ossuary)
  5 hobgoblin zombies (Ossuary)
  23 kobolds
  4 kobold simulacra (Ossuary)
  5 kobold zombies (Ossuary)
  A leopard gecko skeleton (D:6)
  6 orc zombies (Ossuary)
  2 quokka skeletons
  25 rats
  4 rat simulacra (Ossuary)
  5 spectral goblins (Ossuary)
  2 spectral kobolds (Ossuary)
  5 spectral rats (Ossuary)
  2 fungi
  2 plants
331 creatures vanquished.

Vanquished Creatures (others)
  2 hydras (Lair:2)
  An electric eel (D:6)
  2 fungi (Lair:2)
5 creatures vanquished.

Grand Total: 336 creatures vanquished

Notes
Turn   | Place    | Note
-------+----------+-------------------------------------------
     0 | Abyss:1  | Gargoyl the Ghoul Abyssal Knight began the quest for the Orb.
     0 | Abyss:1  | Reached XP level 1. HP: 19/19 MP: 1/1
   140 | Abyss:1  | Noticed a tentacled starspawn
   143 | Abyss:1  | Found a corrupted altar of Lugonu.
   197 | Abyss:2  | Noticed a hellwing
   225 | Abyss:2  | Noticed a thrashing horror
   227 | D:1      | Escaped the Abyss
   410 | D:1      | Reached XP level 2. HP: 26/26 MP: 2/2
   411 | D:1      | Reached * piety under Lugonu
   561 | D:1      | Reached skill level 1 in Dodging
   672 | D:1      | Reached XP level 3. HP: 25/31 MP: 3/3
  1206 | D:2      | Noticed Jessica
  1212 | D:2      | Killed Jessica
  1212 | D:2      | Reached XP level 4. HP: 40/40 MP: 4/4
  1239 | D:2      | Found a sacrificial altar of Ru.
  1365 | D:2      | Found a snail-covered altar of Cheibriados.
  1668 | D:2      | Reached ** piety under Lugonu
  1885 | D:3      | Found a shimmering altar of Xom.
  2019 | D:3      | Reached XP level 5. HP: 46/46 MP: 6/6
  2486 | D:3      | Found an opulent altar of Gozag.
  2490 | D:3      | Found a shattered altar of Ashenzari.
  2491 | D:3      | Found an ancient bone altar of Kikubaaqudgha.
  2724 | D:4      | Noticed tschems's ghost (novice HuFi)
  3206 | D:4      | Found an iron altar of Okawaru.
  3267 | D:4      | Noticed an ogre
  3291 | D:5      | Entered Level 5 of the Dungeon
  3391 | D:5      | Reached XP level 6. HP: 37/52 MP: 7/7
  3407 | D:5      | Noticed an eye of draining
  3423 | D:5      | Killed an eye of draining
  3521 | D:5      | Noticed an ice beast
  3538 | D:5      | Killed an ice beast
  3538 | D:5      | Reached XP level 7. HP: 55/60 MP: 8/8
  3603 | D:5      | Found a glowing drain.
  3802 | Sewer    | Entered a sewer
  3905 | Sewer    | Reached *** piety under Lugonu
  3965 | Sewer    | Reached skill level 1 in Shields
  4248 | Sewer    | Reached **** piety under Lugonu
  4417 | D:5      | Noticed Dowan
  4418 | D:5      | Noticed Duvessa
  4452 | D:5      | Killed Duvessa
  4452 | D:5      | Reached XP level 8. HP: 33/67 MP: 10/10
  4462 | D:5      | Killed Dowan
  4644 | D:5      | Found a shimmering altar of Xom.
  4646 | D:5      | Found a shimmering altar of Xom.
  4646 | D:5      | Found a sparkling altar of Nemelex Xobeh.
  4648 | D:5      | Found a blossoming altar of Fedhas.
  4648 | D:5      | Found a snail-covered altar of Cheibriados.
  4648 | D:5      | Found an iron altar of Okawaru.
  4683 | D:5      | Found Piwuynt's Armour Boutique.
  4767 | D:5      | Reached skill level 5 in Armour
  4789 | D:5      | Found Yrepp's Gadget Emporium.
  4830 | D:5      | Found Erghoalea's Food Emporium.
  4853 | D:5      | Noticed Pikel
  4866 | D:5      | Banished Pikel
  4866 | D:5      | Reached skill level 5 in Fighting
  4866 | D:5      | Reached skill level 5 in Axes
  5021 | D:5      | Found Zasogec's Antique Weapon Shop.
  5026 | D:5      | Bought a glowing broad axe for 190 gold pieces
  5661 | D:6      | Noticed Blork the orc
  5665 | D:6      | Killed Blork the orc
  5665 | D:6      | Reached skill level 5 in Invocations
  5859 | D:6      | Reached XP level 9. HP: 31/74 MP: 11/11
  5956 | D:6      | Found a staircase to the Ecumenical Temple.
  6291 | D:7      | Found a sand-covered staircase.
  6303 | Ossuary  | Entered an ossuary
  6522 | Ossuary  | Reached ***** piety under Lugonu
  7063 | D:8      | Noticed tschems's ghost (novice HuFi)
  7091 | D:8      | Noticed an elephant
  7393 | D:8      | Killed tschems's ghost
  7393 | D:8      | Reached XP level 10. HP: 35/83 MP: 13/13
  7568 | D:8      | Noticed a green ugly thing
  7584 | D:8      | Killed a green ugly thing
  7595 | D:8      | Found a staircase to the Lair.
  7676 | D:8      | Killed an elephant
  8222 | Lair:1   | Entered Level 1 of the Lair of Beasts
  8222 | Lair:1   | Noticed a spiny frog
  8233 | Lair:1   | Killed a spiny frog
  8825 | Lair:1   | Reached XP level 11. HP: 47/91 MP: 14/16
  9440 | Lair:2   | Noticed a five-headed hydra
  9447 | Lair:2   | Banished a five-headed hydra
  9459 | Lair:2   | Found a staircase to the Swamp.
  9564 | Lair:2   | Noticed a six-headed hydra
  9566 | Lair:2   | Banished a six-headed hydra
  9660 | Lair:2   | Reached skill level 5 in Shields
  9673 | Lair:2   | Slain by a blink frog

Skill      XL: |  1  2  3  4  5  6  7  8  9 10 11 |
---------------+----------------------------------+-----
Armour         | 2 3 4 5 7 8 9 |  9.1
Axes           | 2 3 4 5 7 8 9 |  9.7
Dodging        | 1 |  1.7
Fighting       | 4 5 6 7 |  7.1
Invocations    | 3 4 5 6 8 |  8.9
Shields        | 1 2 3 4 5 |  5.1

Action                   |  1- 3 |  4- 6 |  7- 9 | 10-12 || total
-------------------------+-------+-------+-------+-------++-------
Melee: Hand axe          |   121 |   263 |       |       ||   384
       War axe           |       |     9 |   213 |       ||   222
       Broad axe         |       |       |   255 |   196 ||   451
Throw: Tomahawk          |       |       |       |     2 ||     2
Invok: Depart the Abyss  |     1 |       |       |       ||     1
       Banish            |       |       |     2 |     2 ||     4
  Use: Scroll            |     6 |     1 |     7 |     7 ||    21
       Potion            |       |     3 |     9 |     1 ||    13
  Eat: Chunk             |    14 |    17 |    45 |    50 ||   126
Armor: Plate armour      |   148 |   223 |   396 |   280 ||  1047
Dodge: Dodged            |    38 |    76 |    82 |    98 ||   294
Block: Shield            |       |    26 |   264 |   182 ||   472
